 Dungeon Crawl Stone Soup version 0.23.0-3-gf3c87f2 (webtiles) character file.

Game seed: 354196667086849668

278 Borgoz the Sneak (level 6, 0/45 HPs)
             Began as a Ghoul Enchanter on Feb 24, 2019.
             Was an Initiate of Ashenzari.
             Slain by an ogre
             ... wielding a +0 giant spiked club
              (19 damage)
             ... on level 4 of the Dungeon.
             The game lasted 00:08:28 (3309 turns).

Borgoz the Sneak (Ghoul Enchanter)                  Turns: 3309, Time: 00:08:29

Health: 0/45       AC:  6    Str: 12    XL:     6   Next: 26%
Magic:  0/7        EV: 12    Int: 10    God:    Ashenzari [......]
Gold:   337        SH:  0    Dex: 11    Spells: 7/8 levels left

rFire    . . .     SeeInvis .   a - +4 dagger (pain)
rCold    + + .     Gourm    .   (no shield)
rNeg     + + +     Faith    .   j - +0 leather armour {rC+}
rPois    ∞         Spirit   +   (no helmet)
rElec    .         Reflect  .   e - scarf {repulsion}
rCorr    .         Harm     .   f - +1 pair of gloves (curse)
MR       .....                  n - +0 pair of boots (curse)
Stlth    ++........             p - amulet of guardian spirit (curse)
HPRegen  0.00/turn              (no ring)
MPRegen  0.10/turn              (no ring)

@: rotting, lightly drained, repel missiles
A: rotting body, claws 1, carnivore, cold resistance 1, negative energy
resistance 3, inhibited regeneration, torment resistance, unbreathing
a: Curse Item, Renounce Religion


You were on level 4 of the Dungeon.
You worshipped Ashenzari.
Ashenzari was noncommittal.
You were not hungry.

You visited 2 branches of the dungeon, and saw 6 of its levels.

You collected 337 gold pieces.

Inventory:

Hand Weapons
 a - a +4 dagger of pain (weapon)
Armour
 e - a scarf of repulsion (worn)
 f - a cursed +1 pair of gloves (worn)
 j - a +0 leather armour of cold resistance (worn)
 n - a cursed +0 pair of boots (worn)
Jewellery
 p - a cursed amulet of guardian spirit (around neck)
Scrolls
 c - 3 scrolls of remove curse
 k - 2 scrolls of magic mapping
Potions
 b - a potion of brilliance {unknown}
 g - a potion of haste
 h - 2 potions of curing
 i - 3 potions of might
 l - a potion of cancellation {unknown}
 o - a potion of invisibility {unknown}
 q - a potion of ambrosia
Comestibles
 d - 5 rations


   Skills:
 * Level 3.4(3.0) Short Blades
 + Level 3.0(2.5) Dodging
 + Level 4.6(4.1) Stealth
 - Level 1.7(1.3) Spellcasting
 + Level 3.2(2.7) Hexes


You had 7 spell levels left.
You knew the following spells:

 Your Spells              Type           Power        Failure   Level  Hunger
a - Corona                Hex            #......      14%         1    ##.....

Your spell library contained the following spells:

 Spells                   Type           Power        Failure   Level  Hunger
 Confusing Touch          Hex            #.....       14%         1    ##.....
 Slow                     Hex            #.......     21%         2    ###....
 Ensorcelled Hibernation  Hex/Ice        #.....       36%         2    ###....
 Confuse                  Hex            #.......     38%         3    ####...
 Tukima's Dance           Hex            #.......     38%         3    ####...
 Magic Dart               Conj           #...         41%         1    ##.....
 Blink                    Tloc           N/A          54%         2    ###....
 Call Imp                 Summ           #.......     54%         2    ###....
 Dazzling Spray           Conj/Hex       #.....       58%         3    ####...
 Conjure Flame            Conj/Fire      #.......     78%         3    ####...
 Gell's Gravitas          Tloc           #.........   78%         3    ####...
 Mephitic Cloud           Conj/Pois/Air  #.......     78%         3    ####...
 Petrify                  Tmut/Erth      #.......     99%         4    #####..
 Metabolic Englaciation   Hex/Ice        #.........   100%        5    ######.
 Yara's Violent Unravell  Hex/Tmut       #.........   100%        5    ######.


Dungeon Overview and Level Annotations

Branches:
Dungeon (5/15)             Temple (1/1) D:4

Altars:
Ashenzari
Cheibriados
Dithmenos
Elyvilon
Fedhas
Gozag
Hepliaklqana
Kikubaaqudgha
Makhleb
Nemelex Xobeh
Okawaru
Qazlal
Ru
Sif Muna
Trog
Uskayaw
Vehumet
Wu Jian
Xom
Yredelemnul
Zin
The Shining One


Innate Abilities, Weirdness & Mutations

Your body is rotting away.
You thrive on raw meat.
You are immune to poison.
You have sharp fingernails.
You are carnivorous and can eat meat at any time.
Your flesh is cold resistant. (rC+)
You are immune to negative energy. (rN+++)
You do not regenerate when monsters are visible.
You are immune to unholy pain and torment.
You can survive without breathing.


Message History

The ogre is moderately wounded.
Casting: Corona (safe; 14% risk of failure)
Confirm with . or Enter, or press ? or * to list all spells.
You don't know that spell.
Unknown command.
You hit the ogre.
The ogre is heavily wounded.
The ogre hits you with a +0 giant spiked club.
You hit the ogre.
The ogre is heavily wounded.
The ogre hits you with a +0 giant spiked club.
You hit the ogre.
The ogre is severely wounded.
You hit the ogre.
The ogre is severely wounded.
The ogre hits you with a +0 giant spiked club!
You hit the ogre.
The ogre is almost dead.
The ogre hits you with a +0 giant spiked club!!
You die...

###.#......######
##.###...[......#######
###.#..................
.#.#.......####......#
....#......# ##.####.#
.#.#.....### #.......#####
.###..#..#####...#........
.............#.......#####
.###..#..#......@.....# .#
#..#..#...#..O...?.# .#
#..#..#####........# .#
#..#..# #.....^..#
.###..#..### ##.#####.#
#.....#.... .. ...
.##...##.######! ..
............. <#
.##...####.#


You could see an ogre.

Vanquished Creatures
  A phantom (D:4)
  2 worker ants (D:4)
  A hound skeleton (D:4)
  5 adders
  3 adder skeletons
  4 worms
  2 dart slugs
  4 leopard geckos
  An orc (D:5)
  A giant cockroach (D:1)
  11 goblins
  5 hobgoblins
  A ball python (D:1)
  9 bats
  4 frilled lizards
  4 kobolds
  12 rats
70 creatures vanquished.

Notes
Turn   | Place    | Note
-------+----------+-------------------------------------------
     0 | D:1      | Borgoz the Ghoul Enchanter began the quest for the Orb.
     0 | D:1      | Reached XP level 1. HP: 14/14 MP: 2/2
    11 | D:1      | Reached skill level 1 in Short Blades
   299 | D:1      | Reached XP level 2. HP: 8/20 MP: 3/3
   703 | D:1      | Reached XP level 3. HP: 4/26 MP: 4/4
  1517 | D:2      | Found an ornate altar of the Wu Jian Council.
  1547 | D:2      | Reached XP level 4. HP: 21/33 MP: 5/5
  2169 | D:3      | Reached skill level 4 in Stealth
  2214 | D:3      | Found a faded altar of an unknown god.
  2694 | D:4      | Reached XP level 5. HP: 23/38 MP: 6/6
  2774 | D:5      | Entered Level 5 of the Dungeon
  2824 | D:4      | Found a staircase to the Ecumenical Temple.
  2925 | Temple   | Entered the Ecumenical Temple
  3049 | Temple   | Became a worshipper of Ashenzari the Shackled
  3125 | D:4      | Noticed a phantom
  3177 | D:4      | Killed a phantom
  3177 | D:4      | Reached XP level 6. HP: 23/45 MP: 0/7
  3309 | D:4      | Slain by an ogre

Skill      XL: |  1  2  3  4  5 |
---------------+----------------+-----
Short Blades   | 1 2 3 |  3.4
Dodging        | 2 3 |  3.0
Stealth        | 4 |  4.6
Hexes          | 3 |  3.2
Spellcasting   | |  1.7

Action                   |  1- 3 |  4- 6 || total
-------------------------+-------+-------++-------
Melee: Dagger            |   145 |   151 ||   296
 Cast: Corona            |       |     6 ||     6
Invok: Curse Item        |       |     3 ||     3
  Use: Scroll            |     5 |     2 ||     7
       Potion            |     2 |       ||     2
 Stab: Sleeping          |     2 |     3 ||     5
  Eat: Chunk             |    15 |     7 ||    22
Armor: Robe              |    36 |       ||    36
       Leather armour    |    10 |    32 ||    42
Dodge: Dodged            |    93 |    73 ||   166
       Deflected         |     4 |       ||     4
